 Dungeon Crawl Stone Soup version 0.30.1-4-g462c640d31 (webtiles) character file.

Game seed: 7475432923162110849

1263 Gorgoleon the Skirmisher (level 8, -2/39 HPs)
             Began as a Spriggan Hunter on Aug 13, 2023.
             Slain by a wraith (12 damage)
             ... on level 5 of the Dungeon.
             The game lasted 00:15:17 (4760 turns).

Gorgoleon the Skirmisher (Spriggan Hunter)          Turns: 4760, Time: 00:15:18

Health: -2/39      AC:  3    Str:  7    XL:     8   Next: 27%
Magic:  9/9        EV: 19    Int: 10    God:
Gold:   177        SH:  0    Dex: 21    Spells: 7/7 levels left

rFire   . . .        a - +1 shortbow
rCold   . . .        (shield currently unavailable)
rNeg    . . .        c - +0 robe
rPois   .            (helmet restricted)
rElec   .            k - +0 cloak
rCorr   .            (gloves unavailable)
SInv    +            (boots unavailable)
Will    +....        (no amulet)
Stlth   +++          (no ring)
HPRegen 0.26/turn    (no ring)
MPRegen 0.11/turn

%: no passive effects
@: slowed, quick
A: very small, no large weapons, unfitting armour, see invisible, speed 3
a: no special abilities


You were on level 5 of the Dungeon.
You visited 1 branch of the dungeon, and saw 5 of its levels.

You collected 177 gold pieces.

Inventory:

Hand Weapons
 a - a +1 shortbow (weapon)
Armour
 c - a +0 robe (worn)
 k - a +0 cloak (worn)
Jewellery
 j - a ring of flight
Scrolls
 b - 4 scrolls of immolation
 h - 3 scrolls of teleportation
 i - a scroll of amnesia {unknown}
 l - a scroll of fear
Potions
 d - a potion of invisibility
 e - a potion of brilliance {unknown}
 f - 2 potions of curing
 g - 2 potions of heal wounds
 m - a potion of mutation {unknown}
 n - a potion of berserk rage
 p - a potion of lignification {unknown}
 q - a potion of attraction {unknown}
 r - 2 potions of magic {unknown}


   Skills:
 - Level 2.0 Fighting
 + Level 10.3 Ranged Weapons
 * Level 4.2 Dodging
 - Level 3.0 Stealth


You had 7 spell levels left.
You didn't know any spells.
Your spell library contained the following spells:

 Spells                   Type           Power      Damage    Failure   Level
 Hailstorm                Conj/Ice       0%         3d3       75%         3
 Ice Form                 Ice/Tmut       0%         N/A       98%         4
 Simulacrum               Ice/Necr       0%         N/A       100%        6


Dungeon Overview and Level Annotations

Branches:
Dungeon (5/15)
 Temple: D:4-7

Altars:
Dithmenos
Ru
Zin

Annotations:
D:5 4 runed translucent doors


Innate Abilities, Weirdness & Mutations

You are very small and have problems with some larger weapons.
You are too small for most types of armour.
You have supernaturally acute eyesight. (SInv)
You cover ground extremely quickly. (Speed+++)


Message History

A scorpion comes into view.
You shoot an arrow. The arrow closely misses the scorpion.
The scorpion closely misses you.
You shoot an arrow.
The arrow hits the scorpion but does no damage.
The scorpion closely misses you. The scorpion completely misses you.
You shoot an arrow. The arrow hits the scorpion!
The scorpion is heavily wounded.
The scorpion misses you.
You shoot an arrow. The arrow barely misses the scorpion.
The scorpion barely misses you.
You shoot an arrow. The arrow closely misses the scorpion.
The scorpion completely misses you.
You shoot an arrow. The arrow hits the scorpion!
You kill the scorpion!
No target in view!
No target in view!
A wraith comes into view.
Found a scroll of identify and a manual of Fighting.
You shoot an arrow.
The arrow hits the wraith but does no damage.
You shoot an arrow. The arrow hits the wraith.
The wraith is lightly damaged.
You shoot an arrow. The arrow hits the wraith.
The wraith is moderately damaged.
The wraith hits you! The wraith drains your vigour!
You feel yourself slow down.
You shoot an arrow. The arrow hits the wraith!
The wraith is heavily damaged.
The wraith hits you! The wraith drains your vigour!
You feel as though you will be slow longer.
You shoot an arrow.
The arrow hits the wraith but does no damage.
The wraith is heavily damaged.
The wraith hits you!
* * * LOW HITPOINT WARNING * * *
The wraith drains your vigour!
You feel as though you will be slow longer.
The wraith hits you!
You die...

#.)........# #.#.....
#.##.#..##.# #.#####.#
####.#.#...##)# #.# .#
#.....###))##.#######.# .#
###.##.#.#..............# ##.##
....##............#.##### #...#
.########..######...##### #...#
.# #....##....##......# #...#
.#####....#.####@#...##.####...##
.#........##.#.W.#...##..........
...##++##.'.##.#.#...............
#.##8..8#####.##.#..###.......(..
#.#8.K..8# #:. ?##..# #.###....#†
#.#[....)# ## # .......# #....#.
#.#$....:# #...##### #....#†
..#8....8# ##.. #[...#.
#.##8..8### # #.....<


You could see a wraith.

Vanquished Creatures
  Sigmund (D:2)
  An ice beast (D:3)
  A black bear (D:5)
  An ogre (D:4)
  3 scorpions
  A jelly (D:4)
  3 hounds (D:5)
  4 orc priests
  Crazy Yiuf (D:2)
  3 iguanas
  2 orc wizards
  Natasha (thrice) (D:1)
  Robin (D:4)
  3 adders
  A shadow imp (D:4)
  6 dart slugs
  14 orcs
  11 endoplasms
  2 giant cockroaches
  14 goblins
  14 hobgoblins
  12 jackals
  6 kobolds
  2 quokkas
  6 ball pythons
  4 bats
  14 frilled lizards
  7 rats
141 creatures vanquished.

Notes
Turn   | Place    | Note
-------+----------+-------------------------------------------
     0 | D:1      | Gorgoleon the Spriggan Hunter began the quest for the Orb.
     0 | D:1      | Reached XP level 1. HP: 10/10 MP: 2/2
   159 | D:1      | Reached XP level 2. HP: 15/15 MP: 3/3
   364 | D:1      | Reached XP level 3. HP: 18/18 MP: 4/4
   761 | D:2      | Noticed Sigmund
   836 | D:2      | Reached skill level 5 in Ranged Weapons
   847 | D:2      | Noticed Natasha
   935 | D:1      | Reached XP level 4. HP: 18/23 MP: 5/5
   936 | D:1      | Killed Natasha
  1083 | D:1      | Noticed Natasha
  1246 | D:1      | Killed Natasha
  1257 | D:1      | Noticed Natasha
  1308 | D:1      | Killed Natasha
  1309 | D:1      | Reached XP level 5. HP: 18/26 MP: 6/6
  1399 | D:2      | Killed Sigmund
  1400 | D:2      | Reached skill level 7 in Ranged Weapons
  1400 | D:2      | Reached XP level 6. HP: 30/30 MP: 7/7
  1650 | D:2      | Found a runed translucent door.
  1651 | D:2      | Noticed Crazy Yiuf
  2134 | D:2      | Killed Crazy Yiuf
  2557 | D:3      | Reached skill level 8 in Ranged Weapons
  2590 | D:3      | Noticed an ice beast
  2617 | D:3      | Killed an ice beast
  2618 | D:3      | Reached XP level 7. HP: 35/35 MP: 8/8
  2639 | D:3      | Found a glowing silver altar of Zin.
  2642 | D:3      | Found a sacrificial altar of Ru.
  2643 | D:3      | Identified the +1 whip "Orghofio" {spect, +Blink rElec rC-
                  | Dex+2}
  2749 | D:3      | Found a shadowy altar of Dithmenos.
  3819 | D:4      | Noticed Robin
  3834 | D:4      | Killed Robin
  3864 | D:4      | Reached skill level 9 in Ranged Weapons
  4093 | D:5      | Entered Level 5 of the Dungeon
  4540 | D:5      | Reached XP level 8. HP: 39/39 MP: 9/9
  4619 | D:5      | Found a large runed translucent door.
  4619 | D:5      | Found a large runed translucent door.
  4638 | D:5      | Found a large runed translucent door.
  4638 | D:5      | Found a large runed translucent door.
  4641 | D:5      | Noticed a kobold demonologist
  4700 | D:5      | Reached skill level 10 in Ranged Weapons
  4760 | D:5      | Slain by a wraith

Illustrated notes

Levels and vault maps discovered:
D:1:      eino_arrival_water_star, layout_basic, minmay_stone_trees_small,
          minmay_lizard_king
D:2:      layout_basic, uniq_sigmund, uniq_natasha, uniq_crazy_yiuf_cottage
D:3:      layout_basic, nicolae_dithmenos_the_darkroom, minitemple
D:4:      layout_basic, st_stairs_5, uniq_robin
D:5:      layout_loops_cross, minmay_hollow_rounded_squares

Skill      XL: |  1  2  3  4  5  6  7  8 |
---------------+-------------------------+-----
Stealth        | 2 3 |  3.0
Dodging        | 3 4 |  4.2
Fighting       | 2 |  2.0
Ranged Weapons | 5 7 8 9 10 | 10.3

Action                     |  1- 3 |  4- 6 |  7- 9 || total
---------------------------+-------+-------+-------++-------
   Fire: Shortbow          |   101 |   124 |   179 ||   404
    Use: Scroll            |       |       |     8 ||     8
 Armour: Robe              |     4 |     3 |     6 ||    13
  Dodge: Dodged            |    13 |    36 |    73 ||   122
